 Dungeon Crawl Stone Soup version 0.19.5 (webtiles) character file.

44 miragecloak the Changer (level 3, -3/15 HPs)
             Began as a Felid Transmuter on May 5, 2017.
             Slain by an adder (4 damage)
             ... on level 3 of the Dungeon.
             The game lasted 00:01:34 (1271 turns).

miragecloak the Changer (Felid Transmuter)          Turns: 1271, Time: 00:01:35

Health: -3/15      AC:  1    Str:  6    XL:     3   Next: 41%
Magic:  6/7        EV: 18    Int: 14    God:
Gold:   123        SH:  0    Dex: 17    Spells: 1 memorised, 5 levels left
                                        Lives:  0   Deaths: 0

rFire  . . .     SeeInvis +       - Unarmed
rCold  . . .     Gourm    .     (armour unavailable)
rNeg   . . .     Faith    .     (shield unavailable)
rPois  .         Spirit   .     (helmet unavailable)
rElec  .         Reflect  .     (cloak unavailable)
rCorr  +         Harm     .     (gloves unavailable)
MR     .....                    (boots unavailable)
Stlth  ++........               (no amulet)
                                (no ring)
                                e - ring of resist corrosion

@: appendage, quick
A: no armour, no weapons or thrown items, stealth, claws 1, fangs 3, horns 2,
see invisible, carnivore 3, speed 1, shaggy fur 1, slow metabolism 1, sharp paws
a: End Transformation


You were on level 3 of the Dungeon.
You were completely stuffed.
You had grown temporary horns.
You visited 1 branch of the dungeon, and saw 3 of its levels.

You collected 123 gold pieces.

Inventory:

Missiles
 a - 31 arrows
Jewellery
 e - a ring of resist corrosion (left paw)
 j - an uncursed amulet of rage {unknown}
Scrolls
 d - a scroll of random uselessness {unknown}
 g - a scroll of amnesia {unknown}
 h - a scroll of enchant weapon {unknown}
Potions
 f - a potion of lignification {unknown}
 i - a potion of curing {unknown}
 m - a potion of agility {unknown}
Books
 b - a book of Changes

   Spells                             Type                      Level
   a - Beastly Appendage              Transmutation                1
   b - Sticks to Snakes               Transmutation                2
   c - Spider Form                    Transmutation/Poison         3
   d - Ice Form                       Ice/Transmutation            4
   e - Blade Hands                    Transmutation                5
Comestibles
 c - a meat ration
 k - a beef jerky


   Skills:
 - Level 1.0 Fighting
 - Level 2.6 Dodging
 - Level 3.0 Unarmed Combat
 - Level 2.0 Spellcasting
 + Level 4.2 Transmutations


You had 5 spell levels left.
You knew the following spells:

 Your Spells              Type           Power        Failure   Level  Hunger
a - Beastly Appendage     Tmut           ##....       4%          1    ##.....


Dungeon Overview and Level Annotations

Branches:
Dungeon (3/15)

Altars:


Innate Abilities, Weirdness & Mutations

You cannot wear armour.
You are incapable of wielding weapons or throwing items.
Your paws allow you to move quietly. (Stealth)
You have sharp claws.
You have razor-sharp teeth.
You have supernaturally acute eyesight. (SInv)
You are carnivorous and can eat meat at any time.
You cover ground quickly.
You are covered in fur. (AC +1)
You have a slow metabolism.
Your sharp claws are effective at attacking unaware monsters.
You have a pair of horns on your head.


Message History

You feel sick.
You are no longer poisoned.
There is a stone staircase leading down here.
The adder closely misses you.
You climb downwards.
Found a silvery potion.
Found a stone staircase leading up.
There is a stone staircase leading up here.
Casting: Beastly Appendage
Confirm with . or Enter, or press ? or * to list all spells.
You extend your transformation's duration.
The adder completely misses you. The adder bites you.
* * * LOW HITPOINT WARNING * * *
You scratch the adder.
The adder is lightly wounded.
The adder bites you.
* * * LOW HITPOINT WARNING * * *
You closely miss the adder. Your headbutt misses the adder.
The adder is lightly wounded.
The adder bites you.
You die...

# #. ..# #### .
.. ...
..<.#.##.###.##
#....@.......
###.##S###.##
.. ..! ## ####


You could see an adder.

Vanquished Creatures
  An adder (D:2)
  A leopard gecko (D:2)
  6 bats
  2 giant cockroaches (D:1)
  5 hobgoblins
  2 jackals (D:1)
  6 kobolds
  A ball python (D:2)
  4 frilled lizards
  6 rats (D:1)
34 creatures vanquished.

Notes
Turn   | Place    | Note
-------+----------+-------------------------------------------
     0 | D:1      | miragecloak the Felid Transmuter began the quest for the Orb.
     0 | D:1      | Reached XP level 1. HP: 9/9 MP: 4/4
   384 | D:1      | Reached skill level 3 in Transmutations
   398 | D:1      | Reached XP level 2. HP: 8/12 MP: 4/6
   835 | D:1      | You fall through a shaft!
   976 | D:2      | Reached XP level 3. HP: 7/15 MP: 5/7
  1124 | D:2      | Reached skill level 4 in Transmutations
  1271 | D:3      | Slain by an adder

Skill      XL: |  1  2  3 |
---------------+----------+-----
Transmutations | 3 4 |  4.2
Fighting       | |  1.0
Dodging        | |  2.6
Unarmed Combat | |  3.0
Spellcasting   | |  2.0

Action                   || total
-------------------------++-------
Melee: Unarmed           ||    98
       Bite              ||     1
       Headbutt          ||     8
 Cast: Beastly Appendage ||    26
 Stab: Sleeping          ||     6
  Eat: Chunk             ||     9
Armor: Skin              ||     7
Dodge: Dodged            ||   101
